 Dungeon Crawl Stone Soup version 0.31.0-12-g77e489cdc1 (webtiles) character file.

Game seed: 1911138598502632098

37 Curundu the Chopper (level 3, -5/46 (49) HPs)
             Began as a Minotaur Berserker on Mar 3, 2024.
             Was a Follower of Trog.
             Slain by Crazy Yiuf
             ... wielding a +3 quarterstaff of chaos
              (11 damage)
             ... on level 2 of the Dungeon.
             The game lasted 00:03:33 (1006 turns).

Curundu the Chopper (Minotaur Berserker)            Turns: 1006, Time: 00:03:34

HP:   -5/46 (49)    AC:  2    Str: 23    XL:     3   Next: 21%
MP:   2/2           EV: 12    Int:  4    God:    Trog [*.....]
Gold: 72            SH:  0    Dex:  9    Spells: 2/2 levels left

rFire   . . .        h - +3 hammer
rCold   . . .        (no shield)
rNeg    . . .        b - +0 animal skin
rPois   .            (helmet restricted)
rElec   .            (no cloak)
rCorr   .            (no gloves)
SInv    .            (no boots)
Will    ++...        (no amulet) Stlth
                     (no ring)
HPRegen 1.27/turn    (no ring)
MPRegen 0.08/turn

%: no passive effects
@: berserking, strong-willed (expiring), regenerating (expiring), drained, very
quick
A: horns 2, retaliatory headbutt
a: Renounce Religion, Berserk


You were on level 2 of the Dungeon.
You worshipped Trog.
Trog was aware of your devotion.
You visited 1 branch of the dungeon, and saw 2 of its levels.

You collected 72 gold pieces.

Inventory:

Hand Weapons
 a - a +0 hand axe
 h - a +3 hammer (weapon)
Armour
 b - a +0 animal skin (worn)
Scrolls
 c - 2 scrolls of identify {unknown}
 d - a scroll of vulnerability {unknown}
Potions
 e - a potion of degeneration {unknown}
 f - a potion of enlightenment {unknown}
 g - a potion of brilliance {unknown}


   Skills:
 + Level 4.2 Fighting
 + Level 4.5 Axes
 + Level 2.5 Armour
 + Level 2.4 Dodging


You had 2 spell levels left.
You didn't know any spells.
Your spell library was empty.

Dungeon Overview and Level Annotations

Branches:
Dungeon (2/15)

Altars:
Makhleb

Annotations:
D:2 Crazy Yiuf


Innate Abilities, Weirdness & Mutations

You have a pair of horns on your head.
You reflexively headbutt those who attack you in melee.


Message History

Trog accepts your kill.
Things that are here:
a +0 club; a goblin corpse
Found a burning altar of Makhleb.
g - a sedimented cyan potion A rat comes into view.
You slash the rat!
You kill the rat!
Trog accepts your kill.
Found a hammer.
Found a hammer.
Found a glowing hammer.
Found a hammer and a brightly glowing hammer.
You see here a +0 hammer.
You see here the +2 hammer of Hydyas {speed, Int+3}.
You see here a +3 hammer.
h - a +3 hammer
h - a +3 hammer (weapon)
Found a hammer.
Found a runed translucent door.
Crazy Yiuf shouts!
Crazy Yiuf laughs, "Leather childish bush!"
Crazy Yiuf yells, "Candle wrapper poople!"
Your skin crawls.
You feel strong-willed.
You can no longer call upon Trog for regeneration and willpower.
As you open the door, it creaks loudly!
Crazy Yiuf laughs, "Mugger!
Walk shrimp eyeball."
You hit Crazy Yiuf.
Crazy Yiuf is lightly wounded.
Crazy Yiuf says, "Flower hand alas!"
Crazy Yiuf hits you with a +3 quarterstaff of chaos!
Crazy Yiuf burns you!
Crazy Yiuf hits you with a +3 quarterstaff of chaos!
* * * LOW HITPOINT WARNING * * *
You feel drained.
A red film seems to cover your vision as you go berserk!
You feel yourself moving faster!
You feel mighty!
You feel the effects of Trog's Hand fading.
Crazy Yiuf hits you with a +3 quarterstaff of chaos!
You die...

#.#####.)..#
#.# #)...#
#.# ♣)...♣
#.# ♣♣...♣
#.# ♣♣.♣♣
#.# ♣♣.♣
######.##
♣.♣♣
#.......#
♣♣.♣
###......##
♣@♣♣
.........#
#g#
##......#
... #......#
#...#
###.##.#
#)..# #.##.#
##### #.##.#
###.##.####
#.......#.#


You could see Crazy Yiuf.

Vanquished Creatures
  2 dart slugs (D:1)
  An endoplasm (D:1)
  A giant cockroach (D:1)
  3 goblins
  2 hobgoblins (D:1)
  3 kobolds (D:1)
  5 ball pythons (D:1)
  4 bats (D:1)
  8 frilled lizards (D:1)
  4 rats
33 creatures vanquished.

Notes
Turn   | Place    | Note
-------+----------+-------------------------------------------
     0 | D:1      | Curundu the Minotaur Berserker began the quest for the Orb.
     0 | D:1      | Reached XP level 1. HP: 19/19 MP: 0/0
   141 | D:1      | Reached XP level 2. HP: 23/27 MP: 1/1
   402 | D:1      | Found a faded altar of an unknown god.
   488 | D:1      | Reached XP level 3. HP: 30/33 MP: 2/2
   734 | D:1      | Reached ** piety under Trog
   931 | D:2      | Found a burning altar of Makhleb.
   988 | D:2      | Identified the +2 hammer of Hydyas {speed, Int+3}
   999 | D:2      | Found a runed translucent door.
  1000 | D:2      | Noticed Crazy Yiuf
  1006 | D:2      | Slain by Crazy Yiuf

Illustrated notes

Levels and vault maps discovered:
D:1:      psy_arrival_dodecagon, layout_basic,
          hellmonk_ecumenical_altar_crossroads, serial_glass, glass_columns_b,
          glass_columns_a, moated_statue, dreamdust_princess_bridge,
          st_stairs_11, chequers_serial_rivers_room_a, minmay_lizard_pond
D:2:      layout_loops_ring, basic_altar, uniq_sigmund, uniq_crazy_yiuf_cottage

Skill      XL: |  1  2 |
---------------+-------+-----
Axes           | 4 |  4.5
Fighting       | 4 |  4.2
Armour         | |  2.5
Dodging        | |  2.4

Action                     || total
---------------------------++-------
  Melee: Hand axe          ||    59
         Headbutt          ||     7
         Mace              ||     1
 Invoke: Berserk           ||     1
         Trog's Hand       ||     1
 Armour: Animal skin       ||    38
  Dodge: Dodged            ||    41
